 Dungeon Crawl Stone Soup version 0.17-a0-1939-ga475588 (webtiles) character file.

2514 dpvblackbelt the Thrower (level 9, -17/80 HPs)
             Began as an Ogre Hunter on Sept 28, 2015.
             Was a Priest of Okawaru.
             Demolished by an orc warrior
             ... wielding a +0 glaive
              (31 damage)
             ... on level 7 of the Dungeon on Sept 29, 2015.
             The game lasted 00:27:44 (8270 turns).

dpvblackbelt the Thrower (Ogre Hunter)              Turns: 8270, Time: 00:27:44

Health: -17/80     AC:  4    Str: 22    XL:     9   Next: 53%
Magic:  12/12      EV: 10    Int: 10    God:    Okawaru [***...]
Gold:   143        SH:  0    Dex: 10    Spells: 0 memorised, 8 levels left

rFire  + . .     SeeInvis .     b - +2 giant spiked club
rCold  . . .     Clarity  +     A - +1 robe {rF+}
rNeg   . . .     SustAt   .     (no shield)
rPois  .         Gourm    .     (helmet restricted)
rElec  .         Spirit   .     (no cloak)
rCorr  .         Warding  .     (gloves unavailable)
rMut   .         Stasis   .     (boots unavailable)
MR     .....                    p - amulet of clarity {Clar, !d}
Stlth  ++........               B - ring of flight {+Fly, !d}
                                I - ring of stealth {Stlth+}

@: not resistant to hostile enchantments, unstealthy
A: unfitting armour, tough skin 1
a: Heroism, Renounce Religion, Evoke Flight


You were on level 7 of the Dungeon.
You worshipped Okawaru.
Okawaru was most pleased with you.
You were hungry.

You visited 1 branch of the dungeon, and saw 8 of its levels.

You collected 363 gold pieces.
You spent 220 gold pieces at shops.

Inventory:

Hand weapons
 a - the +4 hunting sling of the Ancient Orbs {flame, Str+4}
   (You found it on level 5 of the Dungeon)

   It causes projectiles fired from it to burn those they strike, causing extra
   injury to most foes and up to half again as much damage against particularly
   susceptible opponents.
   It affects your strength (+4).
 b - a +2 giant spiked club (weapon)
   (You took it off an ogre on level 6 of the Dungeon)
 m - a +0 whip
   (You took it off a kobold on level 1 of the Dungeon)
Missiles
 j - 222 stones
 x - 2 javelins of penetration (quivered)
 H - 16 arrows
 J - 4 tomahawks
Armour
 A - a +1 robe of fire resistance (worn)
   (You took it off Blork the orc on level 5 of the Dungeon)
Jewellery
 p - an amulet of clarity (around neck) {Clar, !d}
   (You bought it in a shop on level 7 of the Dungeon)
 B - a ring of flight (right hand) {+Fly, !d}
   (You found it on level 6 of the Dungeon)
 I - a ring of stealth (left hand) {Stlth+}
   (You found it on level 6 of the Dungeon)
Magical devices
 d - a wand of random effects (18)
   (You found it on level 7 of the Dungeon)
 y - a wand of draining (3)
   (You found it on level 7 of the Dungeon)
Scrolls
 g - a scroll of fear
 h - 4 scrolls of remove curse {unknown}
 l - 2 scrolls of amnesia {unknown}
 n - 2 scrolls of teleportation {unknown}
 s - 3 scrolls of recharging
 z - a scroll of blinking {unknown}
 E - a scroll of vulnerability {!r!r}
 G - a scroll of enchant armour {unknown}
Potions
 c - a potion of mutation {unknown}
 k - 2 potions of degeneration {unknown}
 q - 3 potions of lignification {!q}
 r - a potion of cancellation {unknown}
 t - a potion of brilliance {unknown}
 u - a potion of magic {unknown}
 v - a potion of poison {unknown}
 w - a potion of curing
 D - a potion of heal wounds {unknown}
Books
 F - Plog's Almanac of Lethal Earth
   (You found it on level 6 of the Dungeon)

   Spells                             Type                      Level
   a - Sandblast                      Earth                        1
   b - Throw Icicle                   Conjuration/Ice              4
   c - Iron Shot                      Conjuration/Earth            6
   d - Shatter                        Earth                        9
Comestibles
 e - 6 bread rations {@e1@e1}
 f - 4 meat rations {@e2@e2}
 i - 3 beef jerkies
 o - 5 fruits


   Skills:
 - Level 2.9 Fighting
 + Level 8.7 Maces & Flails
 - Level 11.0 Throwing
 - Level 2.0 Dodging
 - Level 1.1 Stealth
 - Level 5.0 Invocations


You had 8 spell levels left.
You didn't know any spells.

Dungeon Overview and Level Annotations

Branches:
Dungeon (8/15)             Temple (0/1) D:5
   Lair: D:8-11

Altars:
Ashenzari
Cheibriados
Dithmenos
Makhleb
Nemelex Xobeh
Okawaru
Qazlal
Ru
Sif Muna
Yredelemnul

Shops:
D:7 =


Innate Abilities, Weirdness & Mutations

You are too large for most types of armour.
You have tough skin (AC +1).


Message History

You kill the orc priest!
Okawaru accepts your kill. The orc hits you with a whip.
You take 1 damage, and have 68/80 hp.
You puncture the orc!
You kill the orc!
You see here a short sword.
(D) Dungeon (T) Temple
Where to? (Enter - D:8, ? - help)
Okay, then.
Search for what [? for help]? > Can't find anything matching that.
Clearing level map.
Unknown command.
There is a stone staircase leading down here.
Things that are here:
a whip; an orc corpse
There is a stone staircase leading up here.
There is a stone staircase leading down here.
You regained 9 hp, and now have 78/80 hp.
You are feeling hungry.
You climb downwards.
An orc comes into view. It is wielding a falchion.
The orc shouts!
The orc wizard hits you with a dagger. The orc warrior barely misses you.
The orc misses you. The orc closely misses you.
The orc wizard points at you and mumbles some strange words.
You easily resist.
There is a stone staircase leading up here.
You take 2 damage, and have 76/80 hp.
The orc completely misses you. The orc hits you. The scorpion stings you.
The orc warrior hits you with a glaive!!
The orc wizard hits you with a dagger.
You climb upwards.
There is a stone staircase leading down here.
You take 28 damage, and have 48/80 hp.
MASSIVE DAMAGE!!
Read which item? (? for menu, Esc to quit)
As you read the scroll of fear, it crumbles to dust.
You assume a fearsome visage.
The orc wizard looks frightened!
The scorpion looks frightened!
The orc looks frightened!
The orc warrior looks frightened!
The orc looks frightened!
The orc looks frightened!
The orc wizard mumbles some strange words.
The orc wizard blinks!
The orc wizard mumbles some strange words.
The orc wizard blinks!
The orc wizard mumbles some strange words.
The orc wizard blinks!
You catch the helpless orc wizard completely off-guard!
You puncture the orc wizard!
You kill the orc wizard!
Okawaru accepts your kill.
The orc seems to regain its courage.
The orc throws a tomahawk.
The tomahawk closely misses you.
The orc throws a tomahawk.
The tomahawk hits you.
You see here a tomahawk.
You take 3 damage, and have 48/80 hp.
You barely miss the orc. The orc closely misses you.
You bludgeon the orc!!
You kill the orc!
Okawaru accepts your kill.
Things that are here:
3 tomahawks; an orc corpse
J - 3 tomahawks
Aim: a scorpion You throw a large rock {!d}.
The large rock {!d} closely misses the scorpion.
Aim: a scorpion You throw a javelin of penetration.
The javelin of penetration barely misses the scorpion.
You closely miss the scorpion. The scorpion stings you!
You are poisoned.
The scorpion poisons you!
You take 7 damage, and have 43/80 hp.
You hit the scorpion but do no damage.
You feel sick. The scorpion stings you. The scorpion stings you!
You take 12 damage, and have 31/80 hp.
You bludgeon the scorpion!!
You kill the scorpion!
Okawaru accepts your kill.
You feel sick.
You take 1 damage, and have 30/80 hp.
You feel sick.
You see here a scorpion corpse.
You take 1 damage, and have 29/80 hp.
J - 4 tomahawks (gained 1)
You feel sick.
You feel sick.
The orc warrior hits you from afar with a glaive.
You take 3 damage, and have 26/80 hp.
You see here a tomahawk.
You closely miss the orc warrior. The orc warrior hits you with a glaive!
* * * LOW HITPOINT WARNING * * *
You take 17 damage, and have 9/80 hp.
MASSIVE DAMAGE!!
Drink which item? (? for menu, Esc to quit)
You feel better.
The orc warrior hits you with a glaive!!
You die...

#.###.## #.#..####...##>#.#
##....# #.#.## #######.## ##.#.#
#†#.# #.## #.#.##########†#.#
#.## ###............#.#.# #.##
......∩<....##.#.#.###########.##
#####.#####.##.#.............#.#
.....).................#####.#.#
###.#######....#@..###.# #.#.#
........# #....#o..# #.#####.#.##
#######.# #....#...# #.#.........
# #.# #....#...# #.........## #
#.###....#...# ##.......... #
#..##....#o..####..###.#### #
#..##......)......o###.# #
#.................o....#
#######.####.###...>....######


You could see an orc warrior and an orc.

Vanquished Creatures
  The ghost of B1inky the Chiller, an experienced OpIE (D:4)
  An orc warrior (D:6)
  An ogre (D:6)
  2 sky beasts (D:6)
  2 phantoms
  4 ice beasts
  Blork the orc (D:5)
  A crocodile (D:7)
  4 giant frogs
  2 scorpions
  A water moccasin skeleton (D:6)
  A crimson imp (D:6)
  A centaur zombie (D:7)
  5 orc priests
  2 giant frog skeletons
  A hound (D:8)
  2 jellies
  2 iguanas
  Terence (D:3)
  3 worker ants
  2 orc wizards
  A worker ant zombie (D:5)
  7 gnolls
  4 adders
  2 shadow imps
  3 oozes
  An adder zombie (D:7)
  3 worms
  4 giant geckos
  16 orcs
  4 ball pythons
  6 bats
  5 giant cockroaches
  8 goblins
  12 hobgoblins
  7 jackals
  6 quokkas
  A giant gecko skeleton (D:6)
  4 giant newts
  A jackal skeleton (D:6)
  7 kobolds
  10 rats
152 creatures vanquished.

Notes
Turn   | Place    | Note
--------------------------------------------------------------
     0 | D:1      | dpvblackbelt the Ogre Hunter began the quest for the Orb.
     0 | D:1      | Reached XP level 1. HP: 22/22 MP: 1/1
    84 | D:1      | Reached skill level 1 in Stealth
    90 | D:1      | Reached skill level 2 in Dodging
   204 | D:1      | Reached XP level 2. HP: 21/29 MP: 2/2
   909 | D:1      | Reached skill level 5 in Throwing
   910 | D:1      | Upgraded the game from 0.17-a0-1923-gc35365e to 0.17-a0-1939-ga475588
   910 | D:1      | Reached XP level 3. HP: 36/36 MP: 3/3
  1468 | D:2      | HP: 8/36 [quokka (4)]
  1470 | D:2      | Reached XP level 4. HP: 6/44 MP: 4/4
  2309 | D:3      | Noticed Terence
  2322 | D:3      | Killed Terence
  2322 | D:3      | Reached skill level 6 in Throwing
  3027 | D:3      | Reached XP level 5. HP: 49/52 MP: 5/5
  3240 | D:3      | Found an iron altar of Okawaru.
  3458 | D:3      | Became a worshipper of Warmaster Okawaru
  3969 | D:4      | Found a basalt altar of Yredelemnul.
  3969 | D:4      | Found a sacrificial altar of Ru.
  4117 | D:4      | Noticed B1inky's ghost (experienced OpIE)
  4157 | D:4      | Killed B1inky's ghost
  4157 | D:4      | Reached skill level 5 in Invocations
  4157 | D:4      | Reached XP level 6. HP: 23/59 MP: 5/9
  4465 | D:4      | Found a shattered altar of Ashenzari.
  4526 | D:4      | Reached skill level 7 in Throwing
  4526 | D:4      | Reached XP level 7. HP: 31/66 MP: 10/10
  4600 | D:4      | Acquired Okawaru's first power
  4761 | D:5      | Entered Level 5 of the Dungeon
  4956 | D:5      | Found a burning altar of Makhleb.
  4972 | D:5      | Reached skill level 8 in Throwing
  5085 | D:5      | Found a sparkling altar of Nemelex Xobeh.
  5086 | D:5      | Noticed Blork the orc
  5103 | D:5      | Killed Blork the orc
  5269 | D:5      | Found a staircase to the Ecumenical Temple.
  5389 | D:5      | Got a scorched hunting sling
  5390 | D:5      | Identified the +4 hunting sling of the Ancient Orbs {flame, Str+4} (You found it on level 5 of the Dungeon)
  5747 | D:6      | Identified Plog's Almanac of Lethal Earth
  5803 | D:6      | Reached skill level 9 in Throwing
  5803 | D:6      | Reached XP level 8. HP: 35/74 MP: 7/11
  5985 | D:6      | Reached skill level 10 in Throwing
  6012 | D:6      | DizzySkin: lol
  6012 | D:6      | DizzySkin: nice sling
  6073 | D:6      | Found a deep blue altar of Sif Muna.
  6482 | D:6      | Reached skill level 11 in Throwing
  6690 | D:6      | Reached skill level 1 in Maces & Flails
  6729 | D:6      | Reached skill level 2 in Maces & Flails
  6804 | D:6      | Reached skill level 3 in Maces & Flails
  6804 | D:6      | Reached XP level 9. HP: 80/80 MP: 12/12
  6880 | D:6      | Found a stormy altar of Qazlal.
  6939 | D:6      | Reached skill level 4 in Maces & Flails
  7004 | D:6      | Found a snail-covered altar of Cheibriados.
  7011 | D:6      | Found a shadowy altar of Dithmenos.
  7136 | D:7      | Found Muluc's Jewellery Shoppe.
  7144 | D:7      | Bought an uncursed amulet of clarity for 220 gold pieces
  7156 | D:7      | Reached skill level 5 in Maces & Flails
  7294 | D:7      | Reached skill level 6 in Maces & Flails
  7372 | D:7      | Reached skill level 7 in Maces & Flails
  7879 | D:7      | Reached skill level 8 in Maces & Flails
  8269 | D:7      | HP: 9/80 [orc warrior/glaive (17)]
  8270 | D:7      | Demolished by an orc warrior

Vault maps used:
D:1:      dpeg_arrival_oval
D:3:      wad_lake_hut, lemuel_coloured_pillars_altar,
          kennysheep_generic_room_8, uniq_terence
D:4:      evilmike_ruin_ashenzari, gammafunk_temple_overflow_elements,
          first_bread
D:5:      lemuel_doored_altar, minmay_temple_entry_trees,
          kennysheep_flooded_box, uniq_blork_the_orc
D:6:      lemuel_round_altar, lemuel_crystal_altar, minitemple,
          minmay_misc_feat_room
D:7:      serial_shops, shop
D:8:      lightli_temple_of_fire, hangedman_pestilent_swarm,
          nemelex_xobeh_ov_fountains_minmay, uniq_erica

Action                   |  1- 3 |  4- 6 |  7- 9 || total
-------------------------+-------+-------+-------++-------
Melee: Short sword       |    25 |       |       ||    25
       Whip              |    26 |    79 |       ||   105
       Hunting sling     |       |       |     3 ||     3
       Giant spiked club |       |       |    18 ||    18
 Fire: Hunting sling     |       |       |   194 ||   194
Throw: Stone             |   119 |   108 |    20 ||   247
       Large rock        |     7 |    25 |    35 ||    67
       Throwing net      |       |     8 |    10 ||    18
       Javelin           |       |       |    20 ||    20
Invok: Heroism           |       |       |     3 ||     3
  Use: Scroll            |       |       |    10 ||    10
       Potion            |       |       |     1 ||     1
 Stab: Held in net/web   |       |     1 |       ||     1
       Fleeing           |       |       |     1 ||     1
  Eat: Chunk             |       |     7 |     9 ||    16
       Bread ration      |       |     1 |       ||     1
       Beef jerky        |       |       |     1 ||     1

Vault maps used:
D:1:      dpeg_arrival_oval
D:3:      wad_lake_hut, lemuel_coloured_pillars_altar,
          kennysheep_generic_room_8, uniq_terence
D:4:      evilmike_ruin_ashenzari, gammafunk_temple_overflow_elements,
          first_bread
D:5:      lemuel_doored_altar, minmay_temple_entry_trees,
          kennysheep_flooded_box, uniq_blork_the_orc
D:6:      lemuel_round_altar, lemuel_crystal_altar, minitemple,
          minmay_misc_feat_room
D:7:      serial_shops, shop
D:8:      lightli_temple_of_fire, hangedman_pestilent_swarm,
          nemelex_xobeh_ov_fountains_minmay, uniq_erica

Table legend:
 A = Turns spent in this place as a percentage of turns spent in the entire game.
 B = Non-inter-level travel turns spent in this place as a percentage of non-inter-level travel turns spent in the entire game.
 C = Inter-level travel turns spent in this place as a percentage of turns spent in this place.
 D = Turns resting spent in this place as a percentage of non-inter-level travel turns spent in this place.
 E = Turns spent auto-exploring this place as a percentage of non-inter-level travel turns spent in this place.
 F = Non-inter-level travel turns spent in this place divided by the number of levels of this place that you've seen.
                   A       B       C       D       E      F
               +-------+-------+-------+-------+-------+----------------------
         Total | 100.0 | 100.0 |   0.4 |   1.6 |   8.6 | 299.5
       Dungeon | 100.0 | 100.0 |   0.4 |   1.6 |   8.6 | 299.5
               +-------+-------+-------+-------+-------+----------------------

Table legend:
 A = Kills in this place as a percentage of kills in entire the game.
 B = Kills by you in this place as a percentage of kills by you in the entire game.
 C = Kills by friends in this place as a percentage of kills by friends in the entire game.
 D = Other kills in this place as a percentage of other kills in the entire game.
 E = Experience gained in this place as a percentage of experience gained in the entire game.
 F = Experience gained in this place divided by the number of levels of this place that you have seen.
                   A       B       C       D       E      F
               +-------+-------+-------+-------+-------+----------------------
         Total | 100.0 | 100.0 |  -nan |  -nan | 100.0 | 449.0
       Dungeon | 100.0 | 100.0 |  -nan |  -nan | 100.0 | 449.0
               +-------+-------+-------+-------+-------+----------------------
